AoeStats
← Baz1337

Arabia

504842854Analyzed
2v2 RM · 25d ago on Sep 6, 2026· 17m 8s· 4 players
Game mode
Random Map
Map size
Medium (4 player)
Population
200
Speed
Normal
Resources
Standard
Victory
Conquest
Starting age
Dark Age
Ending age
Imperial Age
RankedLock teamsTeams togetherTeam positionsShared explorationLock speedFull tech treeHidden civsTurbo modeCheats
Victory
Defeat
🇲🇽 Romans · Mexico
1334
+14
🇲🇽 Cumans · Mexico
1332
+14
🇳🇱 Italians · Netherlands
1295
-15
🇨🇭 Sicilians · Switzerland
1272
-13
[GMEX] alanhg710
6:41 Loom
9:37 Feudal Age
10:11 Double-Bit Axe
17:27 Bloodlines
ZabWolff
7:28 Loom
9:31 Feudal Age
10:15 Double-Bit Axe
13:42 Fletching
15:17 Horse Collar
17:28 Town Watch
Baz1337
8:53 Feudal Age
8:45 Loom
9:32 Double-Bit Axe
Coen27
10:04 Feudal Age
12:21 Town Watch
Connection lost

Rejoining the realm…

Still unreachable

The connection could not be restored.

Session expired

The server has moved on; the page needs a fresh start.